 Dungeon Crawl Stone Soup version 0.30.0-15-g856e2d3f33 (webtiles) character file.

Game seed: 2301784909730192291

2009 ProzacElf the Carver (level 9, -5/61 HPs)
             Began as a Demonspawn Gladiator on May 19, 2023.
             Was an Initiate of Nemelex Xobeh.
             Slain by a wraith (8 damage)
             ... on level 9 of the Dungeon.
             The game lasted 00:15:12 (6374 turns).

ProzacElf the Carver (Demonspawn Gladiator)         Turns: 6374, Time: 00:15:12

Health: -5/61      AC:  7    Str: 17    XL:     9   Next: 2%
Magic:  10/10      EV: 12    Int:  9    God:    Nemelex Xobeh [......]
Gold:   565        SH:  0    Dex: 17    Spells: 4/8 levels left

rFire   . . .        a - +1 long sword (flame)
rCold   . . .        (no shield)
rNeg    + . .        C - +3 leather armour
rPois   .            (helmet restricted)
rElec   .            (no cloak)
rCorr   .            (no gloves)
SInv    .            G - +0 pair of boots
Will    .....        (no amulet)
Stlth   +++          q - +4 ring of slaying {=R}
HPRegen 0.30/turn    f - ring of positive energy
MPRegen 0.12/turn

%: no passive effects
@: slowed, very slow
A: antennae 1, foul stench 2, spiny 1
a: Renounce Religion, Draw Escape, Draw Destruction, Draw Summoning


You were on level 9 of the Dungeon.
You worshipped Nemelex Xobeh.
Nemelex Xobeh was noncommittal.
You visited 2 branches of the dungeon, and saw 9 of its levels.

You collected 565 gold pieces.

Inventory:

Hand Weapons
 a - a +1 long sword of flaming (weapon)
 b - a +2 short sword of venom
 g - a +0 long sword
Missiles
 c - 23 poisoned darts (quivered)
 d - 3 throwing nets
 e - a javelin
Armour
 C - a +3 leather armour (worn)
 G - a +0 pair of boots (worn)
Jewellery
 f - a ring of positive energy (right hand)
 q - a +4 ring of slaying (left hand) {=R}
Wands
 u - a wand of paralysis (8)
 B - a wand of roots (4)
 E - a wand of polymorph (10)
Scrolls
 h - 3 scrolls of teleportation {unknown}
 j - 2 scrolls of poison {unknown}
 k - 2 scrolls of fog
 p - a scroll of enchant weapon
 s - 3 scrolls of vulnerability {unknown}
 t - 2 scrolls of blinking {unknown}
 w - a scroll of magic mapping
 D - a scroll of amnesia {unknown}
 F - a scroll of acquirement {unknown}
Potions
 i - 5 potions of flight
 l - a potion of mutation
 n - 2 potions of curing
 o - a potion of attraction
 r - 2 potions of brilliance
 v - a potion of degeneration
 A - a potion of magic


   Skills:
 - Level 2.0 Fighting
 + Level 8.7 Long Blades
 - Level 5.0 Throwing
 - Level 2.6 Dodging
 - Level 5.0 Stealth
 + Level 2.6 Invocations


You had 4 spell levels left.
You knew the following spells:

 Your Spells              Type           Power      Damage    Failure   Level
a - Necrotise             Necr           0%         1d4       45%         1
b - Vampiric Draining     Necr           0%         2d6       83%         3

Your spell library contained the following spells:

 Spells                   Type           Power      Damage    Failure   Level
 Blink                    Tloc           0%         N/A       58%         2
 Lesser Beckoning         Tloc           0%         N/A       58%         2
 Momentum Strike          Conj/Tloc      0%         3d8       58%         2
 Static Discharge         Conj/Air       0%         2-2/arc   58%         2
 Stone Arrow              Conj/Erth      0%         3d7       83%         3
 Airstrike                Air            0%         2d(0-16)  99%         4
 Animate Armour           Summ/Erth      0%         N/A       99%         4
 Summon Lightning Spire   Summ/Air       0%         N/A       99%         4
 Agony                    Necr           0%         N/A       100%        5
 Lehudib's Crystal Spear  Conj/Erth      0%         10d2      100%        8


Dungeon Overview and Level Annotations

Branches:
Dungeon (7/15)             Temple (1/1) D:6

Altars:
Ashenzari
Cheibriados
Dithmenos
Fedhas
Gozag
Hepliaklqana
Kikubaaqudgha
Makhleb
Nemelex Xobeh
Okawaru
Qazlal
Ru
Sif Muna
Trog
Uskayaw
Vehumet
Wu Jian
Xom
Yredelemnul


Innate Abilities, Weirdness & Mutations

You have a pair of small antennae on your head.
You sometimes emit foul miasma when damaged in melee.
You are partially covered in sharp spines.


Message History

Tha wrait' be moderately damaged.
Tha hornet be struck by yer spines.
Tha hornet stin's ye but does nay damage.
Tha wrait' barely misses ye.
Tha hornet stin's ye.
Ye be poison'd.
Ye feel as though ye will be slow longer.
Tha wrait' barely misses ye.
Tha hornet be struck by yer spines.
Tha hornet stin's ye.
Ye be more poison'd.
Ye feel as though ye will be slow longer.
Ye take 8 damage, an' haf 44/61 hp.
Ye hit tha hornet.
Ye burn tha hornet.
Tha hornet be heavily wounded.
Ye feel 'stremely sick.
Tha hornet stin's ye.
Ye feel as though ye will be slow longer.
Tha wrait' hits ye.
Ye take 11 damage, an' haf 33/61 hp.
Ye barely miss tha hornet.
Tha hornet be heavily wounded.
Ye feel very sick.
Tha hornet stin's ye!
* * * LOW HITPOINT WARNIN'
* * * Ye feel as though ye will be slow longer.
Tha hornet stin's ye but does nay damage.
Tha wrait' closely misses ye.
Tha hornet stin's ye.
* * * LOW HITPOINT WARNIN'
* * * Ye be more poison'd.
Ye feel as though ye will be slow longer.
Tha wrait' hits ye!
* * * LOW HITPOINT WARNIN'
* * * Ye take 31 damage, an' haf 2/61 hp.
MASSIVE DAMAGE!!
Ye be too injured ta fight recklessly!
Ye be too injured ta fight recklessly!
Ye feel better.
Tha hornet be struck by yer spines.
Tha hornet stin's ye!
* * * LOW HITPOINT WARNIN'
* * * Ye feel as though ye will be slow longer.
Tha wrait' hits ye!
Ye die...
Yer body disappears without a glow.

..................#
..................#
..................#
................#
.#########......#
..............#
..............#
?.............#
.......@......#
......yW......#
.....$.#......#
####...#......#
..... ......#
...... ......#
....... ......#
....... ......#


You could see a hornet and a wraith.

Vanquished Creatures
  Maggie (D:6)
  Eustachio (D:6)
  A wraith (D:9)
  3 black bears
  2 centaurs
  2 phantoms (D:4)
  A kobold brigand (D:4)
  2 scorpions
  4 hounds
  5 orc priests
  3 orc wizards
  A sleepcap (D:6)
  4 iguanas (D:6)
  11 adders
  3 ufetubi
  3 worms
  4 dart slugs
  13 orcs
  8 ball pythons
  4 endoplasms
  4 giant cockroaches
  8 goblins
  8 hobgoblins
  5 jackals (D:4)
  4 kobolds
  2 quokkas
  7 bats
  5 frilled lizards
  6 rats
125 creatures vanquished.

Notes
Turn   | Place    | Note
-------+----------+-------------------------------------------
     0 | D:1      | ProzacElf the Demonspawn Gladiator began the quest for the
                  | Orb.
     0 | D:1      | Reached XP level 1. HP: 16/16 MP: 1/1
   154 | D:1      | Gained mutation: You are partially covered in sharp spines.
                  | [demonic ancestry]
   154 | D:1      | Reached XP level 2. HP: 22/22 MP: 2/2
   281 | D:1      | Reached skill level 1 in Stealth
   305 | D:1      | Reached skill level 3 in Long Blades
   688 | D:2      | Reached XP level 3. HP: 25/27 MP: 3/3
   754 | D:2      | Found a sacrificial altar of Ru.
   994 | D:2      | Learned a level 1 spell: Necrotise
  1658 | D:3      | Found an iron altar of Okawaru.
  2035 | D:3      | Gained mutation: You may rarely emit foul miasma when
                  | damaged in melee. [demonic ancestry]
  2035 | D:3      | Reached XP level 4. HP: 21/33 MP: 4/4
  2393 | D:4      | Noticed a phantom
  2407 | D:4      | Killed a phantom
  2408 | D:4      | Reached XP level 5. HP: 25/38 MP: 5/5
  2551 | D:4      | Reached skill level 4 in Long Blades
  2684 | D:4      | Noticed a phantom
  2691 | D:4      | Killed a phantom
  2692 | D:4      | Reached XP level 6. HP: 39/44 MP: 6/6
  2841 | D:4      | Learned a level 3 spell: Vampiric Draining
  3114 | D:5      | Entered Level 5 of the Dungeon
  3209 | D:5      | Gained mutation: You have a pair of small antennae on your
                  | head. [demonic ancestry]
  3209 | D:5      | Reached XP level 7. HP: 50/50 MP: 7/7
  3481 | D:5      | Reached skill level 5 in Long Blades
  4114 | D:6      | Reached skill level 5 in Throwing
  4114 | D:6      | Reached skill level 5 in Stealth
  4175 | D:6      | Reached skill level 6 in Long Blades
  4175 | D:6      | Reached XP level 8. HP: 56/56 MP: 8/8
  4265 | D:6      | Noticed Eustachio
  4282 | D:6      | Killed Eustachio
  4537 | D:6      | Noticed Maggie
  4549 | D:6      | Paralysed by Maggie for 3 turns
  4552 | D:6      | Killed Maggie
  4553 | D:6      | Reached skill level 7 in Long Blades
  4787 | D:6      | Reached skill level 8 in Long Blades
  5279 | D:6      | Found a staircase to the Ecumenical Temple.
  5291 | Temple   | Entered the Ecumenical Temple
  5471 | Temple   | Became a worshipper of Nemelex Xobeh the Trickster
  6057 | D:7      | Reached skill level 1 in Invocations
  6182 | D:7      | You fall into a shaft and drop 2 floors!
  6212 | D:9      | Gained mutation: You sometimes emit foul miasma when
                  | damaged in melee. [demonic ancestry]
  6212 | D:9      | Reached XP level 9. HP: 27/61 MP: 10/10
  6373 | D:9      | HP: 2/61 [wraith (7)]
  6374 | D:9      | Slain by a wraith

Illustrated notes

Levels and vault maps discovered:
D:1:      ebering_trefoil_3fold, layout_loops_ring, minmay_close_crescents
D:2:      layout_basic, serial_corexii_hall, chequers_hall_statues_y,
          corexii_hall_statues_i, chequers_hall_statues_wall_a, basic_altar
D:3:      layout_basic, mainiacjoe_overflow_brackets
D:4:      layout_cave_pools, kennysheep_orc_chapel
D:5:      layout_basic, lemuel_flamethrower_2
D:6:      layout_basic, minmay_temple_entry_proselytizer, serial_aquarium,
          aquarium_bridge_straight [aquarium_subvault_bridge,
          aquarium_subvault_wall, aquarium_subvault_bridge,
          aquarium_subvault_wall], aquarium_bridge_long_joined
          [aquarium_subvault_wall, aquarium_subvault_wall,
          aquarium_subvault_wall, aquarium_subvault_wall,
          aquarium_subvault_bridge, aquarium_subvault_bridge],
          aquarium_window_fake, aquarium_window_1, aquarium_window_corner,
          aquarium_view_2d, aquarium_view_2b, aquarium_balcony_1b,
          chequers_serial_rivers_room_a, roderic_roman_lattice,
          kennysheep_generic_room_9, uniq_maggie, uniq_eustachio
D:7:      layout_basic
D:9:      layout_grid_maze
Temple:   mainiacjoe_temple_starburst

Skill      XL: |  1  2  3  4  5  6  7  8 |
---------------+-------------------------+-----
Throwing       | 2 3 4 5 |  5.0
Stealth        | 1 2 3 4 5 |  5.0
Long Blades    | 3 4 6 8 |  8.7
Invocations    | 2 |  2.6
Fighting       | |  2.0
Dodging        | |  2.6

Action                     |  1- 3 |  4- 6 |  7- 9 || total
---------------------------+-------+-------+-------++-------
  Melee: Long sword        |    74 |     2 |     9 ||    85
         Short sword       |    24 |    87 |   118 ||   229
         Punch             |       |     2 |     4 ||     6
    Use: Scroll            |       |     7 |     5 ||    12
         Potion            |       |       |     3 ||     3
   Stab: Distracted        |     1 |       |       ||     1
         Sleeping          |     4 |     3 |     3 ||    10
 Armour: Leather armour    |     6 |       |    18 ||    24
         Skin              |    11 |       |       ||    11
         Scale mail        |       |    25 |     9 ||    34
  Dodge: Dodged            |    54 |    37 |    69 ||   160

Action                     |  1- 3 |  4- 6 |  7- 9 || total
---------------------------+-------+-------+-------++-------
  Melee: Long sword        |    74 |     2 |     9 ||    85
         Short sword       |    24 |    87 |   118 ||   229
         Punch             |       |     2 |     4 ||     6
    Use: Scroll            |       |     7 |     5 ||    12
         Potion            |       |       |     3 ||     3
   Stab: Distracted        |     1 |       |       ||     1
         Sleeping          |     4 |     3 |     3 ||    10
 Armour: Leather armour    |     6 |       |    18 ||    24
         Skin              |    11 |       |       ||    11
         Scale mail        |       |    25 |     9 ||    34
  Dodge: Dodged            |    54 |    37 |    69 ||   160

Levels and vault maps discovered:
D:1:      ebering_trefoil_3fold, layout_loops_ring, minmay_close_crescents
D:2:      layout_basic, serial_corexii_hall, chequers_hall_statues_y,
          corexii_hall_statues_i, chequers_hall_statues_wall_a, basic_altar
D:3:      layout_basic, mainiacjoe_overflow_brackets
D:4:      layout_cave_pools, kennysheep_orc_chapel
D:5:      layout_basic, lemuel_flamethrower_2
D:6:      layout_basic, minmay_temple_entry_proselytizer, serial_aquarium,
          aquarium_bridge_straight [aquarium_subvault_bridge,
          aquarium_subvault_wall, aquarium_subvault_bridge,
          aquarium_subvault_wall], aquarium_bridge_long_joined
          [aquarium_subvault_wall, aquarium_subvault_wall,
          aquarium_subvault_wall, aquarium_subvault_wall,
          aquarium_subvault_bridge, aquarium_subvault_bridge],
          aquarium_window_fake, aquarium_window_1, aquarium_window_corner,
          aquarium_view_2d, aquarium_view_2b, aquarium_balcony_1b,
          chequers_serial_rivers_room_a, roderic_roman_lattice,
          kennysheep_generic_room_9, uniq_maggie, uniq_eustachio
D:7:      layout_basic
D:9:      layout_grid_maze
Temple:   mainiacjoe_temple_starburst
